 Dungeon Crawl Stone Soup version 0.23-a0-563-g409694ba0a (webtiles) character file.

319 Maize the Chopper (level 6, 0/56 HPs)
             Began as a Minotaur Fighter on Dec 13, 2018.
             Succumbed to an orc wizard's poison
             ... on level 4 of the Dungeon.
             The game lasted 00:03:33 (3047 turns).

Maize the Chopper (Minotaur Fighter)                Turns: 3047, Time: 00:03:34

Health: 0/56       AC:  7    Str: 23    XL:     6   Next: 21%
Magic:  5/5        EV:  7    Int:  5    God:
Gold:   100        SH:  9    Dex:  9    Spells: 5/5 levels left

rFire    . . .     SeeInvis .   a - +0 war axe
rCold    . . .     Gourm    .   c - +0 shield
rNeg     . . .     Faith    .   b - +0 scale mail
rPois    .         Spirit   .   (helmet restricted)
rElec    .         Reflect  .   t - scarf {cloud immunity}
rCorr    .         Harm     .   (no gloves)
MR       .....                  (no boots)
Stlth    ..........             (no amulet)
HPRegen  0.18/turn              (no ring)
MPRegen  0.09/turn              (no ring)

@: lethally poisoned (0 -> -7)
A: retaliatory headbutt, horns 2
a: no special abilities


You were on level 4 of the Dungeon.
You were not hungry.

You visited 1 branch of the dungeon, and saw 4 of its levels.

You collected 100 gold pieces.

Inventory:

Hand Weapons
 a - a +0 war axe (weapon)
Armour
 b - a +0 scale mail (worn)
 c - a +0 shield (worn)
 t - a scarf of cloud immunity (worn)
Wands
 u - a wand of digging (3)
Scrolls
 e - 3 scrolls of magic mapping {unknown}
 g - a scroll of amnesia {unknown}
 h - 3 scrolls of identify {unknown}
 j - 3 scrolls of remove curse {unknown}
 k - 4 scrolls of teleportation {unknown}
 l - a scroll of fog {unknown}
 n - a scroll of noise {unknown}
 s - a scroll of blinking {unknown}
Potions
 d - 2 potions of might
 i - a potion of berserk rage {unknown}
 m - a potion of brilliance {unknown}
 o - a potion of haste {unknown}
 p - a potion of flight {unknown}
 q - a potion of curing {unknown}
 r - a potion of lignification {unknown}
Comestibles
 f - 3 rations


   Skills:
 + Level 5.1 Fighting
 * Level 5.9 Axes
 + Level 5.2 Armour
 - Level 3.6 Shields


You had 5 spell levels left.
You didn't know any spells.
Your spell library was empty.

Dungeon Overview and Level Annotations

Branches:
Dungeon (4/15)
 Temple: D:4-7

Altars:


Innate Abilities, Weirdness & Mutations

You reflexively headbutt those who attack you in melee.
You have a pair of horns on your head.


Message History

You hit the ogre but do no damage.
The ogre hits you with a +0 giant club!!
* * * LOW HITPOINT WARNING * * *
You block the orc's attack.
You hit the orc.
You kill the orc!
You closely miss something. You closely miss the ogre. Something hits you.
* * * LOW HITPOINT WARNING * * *
The ogre completely misses you. You furiously retaliate!
You headbutt the ogre, but do no damage.
Something hits you but does no damage.
You hit the ogre.
The ogre is heavily wounded.
You miss something. The ogre barely misses you.
Something hits you but does no damage.
You are lethally poisoned!
You hit the ogre. Your headbutt misses the ogre.
The ogre is severely wounded.
You barely miss something.
You die...

..#.........###
....###.#......
#..####.....##
##......##...# #####...#
#..## <..#....###...###
##)).#..........#
...####.#.......## #
....# #.#......)@# .#
..#.###.##.##.#O{##.####
..#..##..>.##.##ho?.....
..##..#.##......h#..####
#####.......#.#....## #
###.###.#.....#....# #
#.# #...........8. # #.#
###..........# # ##.#
#..........#


You could see an ogre, an orc and 2 jackals.

Vanquished Creatures
  A scorpion (D:4)
  An orc priest (D:4)
  A worker ant (D:4)
  4 orc wizards (D:4)
  2 adders
  An ooze (D:2)
  5 worms
  A dart slug (D:1)
  A leopard gecko (D:2)
  6 orcs
  A ball python (D:1)
  2 giant cockroaches
  9 goblins
  6 hobgoblins
  2 jackals (D:1)
  A quokka (D:2)
  5 bats
  5 frilled lizards
  8 kobolds
  6 rats
68 creatures vanquished.

Notes
Turn   | Place    | Note
-------+----------+-------------------------------------------
     0 | D:1      | Maize the Minotaur Fighter began the quest for the Orb.
     0 | D:1      | Reached XP level 1. HP: 19/19 MP: 0/0
   136 | D:1      | Reached XP level 2. HP: 23/27 MP: 1/1
   831 | D:2      | Reached XP level 3. HP: 32/33 MP: 2/2
  1246 | D:2      | Reached XP level 4. HP: 35/40 MP: 3/3
  2263 | D:4      | Reached XP level 5. HP: 18/47 MP: 4/4
  2279 | D:4      | Reached skill level 5 in Axes
  2461 | D:4      | Reached skill level 5 in Armour
  2791 | D:4      | Reached skill level 5 in Fighting
  2801 | D:4      | Reached XP level 6. HP: 27/56 MP: 5/5
  3045 | D:4      | HP: 2/56 [something (1)]
  3047 | D:4      | Succumbed to an orc wizard's poison

Vault maps used:
D:1:      dpeg_arrival_round_c
D:2:      serial_glass, glass_columns_c, glass_columns_b, minmay_unequal
D:4:      serial_shops, nicolae_shop_statue_plus, first_ration

Skill      XL: |  1  2  3  4  5 |
---------------+----------------+-----
Axes           | 3 4 5 |  5.9
Fighting       | 4 5 |  5.1
Armour         | 4 5 |  5.2
Shields        | |  3.6

Action                   |  1- 3 |  4- 6 || total
-------------------------+-------+-------++-------
Melee: War axe           |    98 |    90 ||   188
       Headbutt          |    13 |    16 ||    29
  Use: Potion            |     2 |     1 ||     3
  Eat: Chunk             |     1 |     3 ||     4
       Ration            |       |     1 ||     1
Armor: Scale mail        |    57 |    49 ||   106
Dodge: Dodged            |    31 |    13 ||    44
Block: Shield            |    50 |    38 ||    88

Table legend:
 A = Non-vault XP
 B = Vault XP
 C = Vault XP percentage of total XP
 D = Non-vault monster count
 E = Vault monster count
 F = Vault count percentage of total count
                 A         B        C        D         E       F
            +---------+---------+-------+---------+---------+-------
      Total |     444 |      12 |   2.6 |      63 |       5 |   7.4
            +---------+---------+-------+---------+---------+-------
        D:1 |      37 |       0 |   0.0 |      21 |       0 |   0.0
        D:2 |      51 |      12 |  19.0 |      13 |       5 |  27.8
        D:3 |      38 |       0 |   0.0 |      17 |       0 |   0.0
        D:4 |     318 |       0 |   0.0 |      12 |       0 |   0.0
            +---------+---------+-------+---------+---------+-------
